 Dungeon Crawl Stone Soup version 0.19.0-11-g3fc08b3 (webtiles) character file.

35 McCoppin the Skirmisher (level 3, -1/20 HPs)
             Began as a Vine Stalker Chaos Knight on Nov 8, 2016.
             Slain by a hobgoblin (2 damage)
             ... on level 2 of the Dungeon.
             The game lasted 00:02:30 (1170 turns).

McCoppin the Skirmisher (Vine Stalker Chaos Knight) Turns: 1170, Time: 00:02:31

Health: -1/20      AC:  8    Str: 15    XL:     3   Next: 33%
Magic:  0/4        EV:  6    Int: 17    God:    Xom [......]
Gold:   62         SH:  0    Dex: 13    Spells: 0 memorised, 2 levels left

rFire  . . .     SeeInvis .     a - +0 mace (chaos)
rCold  . . .     Gourm    .     h - +0 chain mail
rNeg   . . .     Faith    .     (no shield)
rPois  .         Spirit   +     (no helmet)
rElec  .         Reflect  .     (no cloak)
rCorr  .         Harm     .     (no gloves)
MR     .....                    (no boots)
Stlth  ..........               (no amulet)
                                (no ring)
                                (no ring)

@: brilliant
A: fangs 2, magic shield, antimagic bite, no device heal 3, rot immunity
a: Renounce Religion


You were on level 2 of the Dungeon.
You worshipped Xom.
You were a very special plaything of Xom.
You were hungry.

You visited 1 branch of the dungeon, and saw 2 of its levels.

You collected 62 gold pieces.

Inventory:

Hand Weapons
 a - a +0 mace of chaos (weapon)
Armour
 b - a +2 leather armour
 h - a +0 chain mail (worn)
Scrolls
 e - a scroll of magic mapping {unknown}
 g - 2 scrolls of identify {unknown}
Potions
 d - a potion of heal wounds {unknown}
 f - 2 potions of flight {unknown}
Comestibles
 c - a bread ration


   Skills:
 + Level 3.4 Fighting
 - Level 2.6 Maces & Flails
 - Level 1.5 Armour
 - Level 0.7 Dodging
 + Level 2.3 Stealth


You had 2 spell levels left.
You didn't know any spells.

Dungeon Overview and Level Annotations

Branches:
Dungeon (2/15)

Altars:


Innate Abilities, Weirdness & Mutations

You have extremely sharp teeth.
When hurt, damage is shared between your health and your magic reserves.
Your bite disrupts and absorbs the magic of your enemies.
Potions and wands cannot restore your health.
You are immune to rotting.


Message History

The hobgoblin closely misses you. The rat bites you but does no damage.
The hobgoblin hits you.
* * * LOW HITPOINT WARNING * * *
Unknown command.
You barely miss the hobgoblin.
You bite the hobgoblin, but do no damage.
The rat barely misses you. The hobgoblin hits you.
* * * LOW HITPOINT WARNING * * *
You hit the hobgoblin. You freeze the hobgoblin.
You bite the hobgoblin, but do no damage.
The hobgoblin is moderately wounded.
The rat bites you.
* * * LOW HITPOINT WARNING * * *
The hobgoblin hits you.
* * * LOW HITPOINT WARNING * * *
You hit the hobgoblin but do no damage.
You heal the hobgoblin.
The hobgoblin is completely healed.
Xom is amused.
The rat bites you but does no damage. The hobgoblin hits you.
You die...

. ..... #.
####....#
###.###.......
...........w.
....!....#
####.#.....
.........#
#..r(#
#.#####..g@#
#......#......#
#.####.##.#####
#.##.# #[##.#
#.####.##.#
...........#
#.#####.##.#
#.##.#


You could see a hobgoblin and a rat.

Vanquished Creatures
  An adder (D:2)
  A worm (D:2)
  A dart slug (D:2)
  A leopard gecko (D:1)
  A ball python (D:1)
  A giant cockroach (D:1)
  2 goblins (D:1)
  A hobgoblin (D:1)
  2 kobolds (D:1)
  2 bats (D:1)
  2 frilled lizards (D:1)
  8 rats
23 creatures vanquished.

Vanquished Creatures (others)
  4 toadstools (D:1)
4 creatures vanquished.

Grand Total: 27 creatures vanquished

Notes
Turn   | Place    | Note
-------+----------+-------------------------------------------
     0 | D:1      | McCoppin the Vine Stalker Chaos Knight began the quest for the Orb.
     0 | D:1      | Reached XP level 1. HP: 11/11 MP: 2/2
    41 | D:1      | XOM: harmless Hex miscast
    62 | D:1      | XOM: harmless Hex miscast
   266 | D:1      | Reached skill level 1 in Stealth
   301 | D:1      | Reached XP level 2. HP: 14/16 MP: 3/3
   315 | D:1      | Reached skill level 3 in Fighting
   992 | D:1      | XOM: divination: magic mapping
  1016 | D:1      | XOM: harmless Ice miscast
  1098 | D:2      | XOM: potion effect (brilliance)
  1103 | D:2      | Reached XP level 3. HP: 20/20 MP: 4/4
  1169 | D:2      | HP: 1/20 [hobgoblin (1)]
  1170 | D:2      | Slain by a hobgoblin

Skill      XL: |  1  2 |
---------------+-------+-----
Stealth        | 1 2 |  2.3
Fighting       | 3 |  3.4
Maces & Flails | |  2.6
Armour         | |  1.5
Dodging        | |  0.7

Action                   || total
-------------------------++-------
Melee: Mace              ||    59
       Bite              ||    14
Throw: Throwing net      ||     1
 Stab: Sleeping          ||     3
Armor: Leather armour    ||    11
       Chain mail        ||    13
Dodge: Dodged            ||    37
